USPBL
EASTSIDE DIAMOND HOPPERS @ BIRMINGHAM-BLOOMFIELD BEAVERS
07/20/2068
 
TOP OF THE 1ST
Atlanta Braves batting - Pitching for Pittsburgh Pirates : RHP Nestor Rivera
Pitching: RHP Nestor Rivera
Batting: LHB Greg Bell 0-0: Swinging Strike
0-1: Swinging Strike
0-2: Ball
1-2: Strikes out looking
Batting: RHB Matt Conover 0-0: Ball
1-0: Foul Ball, location: 2F
1-1: Fly out, F8 (Flyball, 78S, EV 96.9 MPH)
Batting: LHB Sam Steede 0-0: Ground out 5-3 (Groundball, 56, EV 103.8 MPH)
Top of the 1st over - 0 runs, 0 hits, 0 errors, 0 left on base; Atlanta 0 - Pittsburgh 0
BOTTOM OF THE 1ST
Pittsburgh Pirates batting - Pitching for Atlanta Braves : RHP Josh Jackson
Pitching: RHP Josh Jackson
Batting: LHB Bruce Gentry 0-0: Ball
1-0: Called Strike
1-1: SOLO HOME RUN (Flyball, 9LD, EV 102.5 MPH), Distance : 365 ft
Batting: RHB Jeff Gradel 0-0: Foul Ball, location: 2F
0-1: Called Strike
0-2: Foul Ball, location: 2F
0-2: Strikes out swinging
Batting: LHB Nick Simmons 0-0: Called Strike
0-1: Ball
1-1: TRIPLE (Flyball, 89XD, EV 109.4 MPH)
Batting: LHB Miguel Ontiveros 0-0: Called Strike
0-1: Foul Ball, location: 2F
0-2: Strikes out swinging
Batting: LHB Tony Nieves 0-0: Ball
1-0: Called Strike
1-1: Swinging Strike
1-2: Strikes out looking
Bottom of the 1st over - 1 run, 2 hits, 0 errors, 1 left on base; Atlanta 0 - Pittsburgh 1
TOP OF THE 2ND
Atlanta Braves batting - Pitching for Pittsburgh Pirates : RHP Nestor Rivera
Batting: RHB Sean Foley 0-0: Ball
1-0: Ball
2-0: Ball
3-0: Called Strike
3-1: Base on Balls
Batting: LHB Jim Swauger 0-0: 2-RUN HOME RUN (Flyball, 89XD, EV 92.5 MPH), Distance : 412 ft
Batting: RHB Jeff Marcotte 0-0: Ground out 5-3 (Groundball, 56, EV 93.8 MPH)
Batting: LHB Edwin Castaneda 0-0: Ball
1-0: Called Strike
1-1: Foul Ball, location: 2F
1-2: SINGLE (Groundball, 25, EV 73.8 MPH) (infield hit)
Batting: RHB Luis Maese 0-0: Grounds into double play, 4-6-3 (Groundball, 34, EV 93.1 MPH)
Top of the 2nd over - 2 runs, 2 hits, 0 errors, 0 left on base; Atlanta 2 - Pittsburgh 1
BOTTOM OF THE 2ND
Pittsburgh Pirates batting - Pitching for Atlanta Braves : RHP Josh Jackson
Batting: SHB Danny Santiago 0-0: Called Strike
0-1: Ball
1-1: Foul Ball, location: 2F
1-2: Ball
2-2: Ground out U3 (Groundball, 3L, EV 82.5 MPH)
Batting: RHB Sam Dudas 0-0: Called Strike
0-1: SOLO HOME RUN (Flyball, 7D, EV 91.9 MPH), Distance : 387 ft
Pitching: LHP Jayden Eubank
Batting: SHB Jacob Chivers 0-0: Ball
1-0: Ball
2-0: Foul Ball, location: 2F
2-1: Ball
3-1: Base on Balls
Batting: LHB Ruben Solis 0-0: Called Strike
0-1: Ball
1-1: Grounds into double play, 1-6-3 (Groundball, P, EV 66.9 MPH)
Bottom of the 2nd over - 1 run, 1 hit, 0 errors, 0 left on base; Atlanta 2 - Pittsburgh 2
TOP OF THE 3RD
Atlanta Braves batting - Pitching for Pittsburgh Pirates : RHP Nestor Rivera
Batting: SHB Victor Cortes 0-0: Ground out 6-3 (Groundball, 56, EV 98.1 MPH)
Batting: LHB Greg Bell 0-0: Ball
1-0: Ball
2-0: Called Strike
2-1: Foul Ball, location: 2F
2-2: Ball
3-2: Base on Balls
Batting: RHB Matt Conover 0-0: Ball
1-0: Fly out, F8 (Flyball, 8LM, EV 82.5 MPH)
Batting: LHB Sam Steede 0-0: Ball
1-0: Ball
2-0: Called Strike
2-1: Fly out, F7 (Flyball, 78XD, EV 87.5 MPH)
Top of the 3rd over - 0 runs, 0 hits, 0 errors, 1 left on base; Atlanta 2 - Pittsburgh 2
BOTTOM OF THE 3RD
Pittsburgh Pirates batting - Pitching for Atlanta Braves : LHP Jayden Eubank
Batting: LHB Bruce Gentry 0-0: Ball
1-0: Ball
2-0: Called Strike
2-1: Ball
3-1: Ground out U3 (Groundball, 34, EV 86.9 MPH)
Batting: RHB Jeff Gradel 0-0: Called Strike
0-1: Ball
1-1: Ball
2-1: Fly out, F8 (Flyball, 8LS, EV 85.0 MPH)
Batting: LHB Nick Simmons 0-0: Called Strike
0-1: Ball
1-1: Called Strike
1-2: Strikes out swinging
Bottom of the 3rd over - 0 runs, 0 hits, 0 errors, 0 left on base; Atlanta 2 - Pittsburgh 2
TOP OF THE 4TH
Atlanta Braves batting - Pitching for Pittsburgh Pirates : RHP Nestor Rivera
Batting: RHB Sean Foley 0-0: Called Strike
0-1: Ball
1-1: Foul Ball, location: 2F
1-2: Foul Ball, location: 2F
1-2: Foul Ball, location: 2F
1-2: Foul Ball, location: 2F
1-2: Strikes out swinging
Batting: LHB Jim Swauger 0-0: Ball
1-0: Ball
2-0: Ball
3-0: Called Strike
3-1: Base on Balls
Batting: RHB Jeff Marcotte 0-0: Ball
1-0: Ground out 4-3 (Groundball, 4S, EV 61.9 MPH)
Jim Swauger to second
Batting: LHB Edwin Castaneda 0-0: Ball
1-0: Called Strike
1-1: Called Strike
1-2: Ball
2-2: Fly out, F8 (Line Drive, 8RD, EV 96.2 MPH)
Top of the 4th over - 0 runs, 0 hits, 0 errors, 1 left on base; Atlanta 2 - Pittsburgh 2
BOTTOM OF THE 4TH
Pittsburgh Pirates batting - Pitching for Atlanta Braves : LHP Jayden Eubank
Pitching: RHP Johnny Glover
Batting: LHB Miguel Ontiveros 0-0: Called Strike
0-1: Ball
1-1: Ball
2-1: Foul Ball, location: 2F
2-2: Ground out 6-3 (Groundball, 6, EV 106.2 MPH)
Batting: LHB Tony Nieves 0-0: Called Strike
0-1: Ball
1-1: Foul Ball, location: 2F
1-2: SINGLE (Groundball, 34S, EV 63.1 MPH) (infield hit)
Batting: SHB Danny Santiago 0-0: Ground out U3 (Groundball, 34S, EV 90.0 MPH)
Tony Nieves to second
Batting: RHB Sam Dudas 0-0: Called Strike
0-1: Called Strike
0-2: Foul Ball, location: 2F
0-2: Strikes out swinging
Bottom of the 4th over - 0 runs, 1 hit, 0 errors, 1 left on base; Atlanta 2 - Pittsburgh 2
TOP OF THE 5TH
Atlanta Braves batting - Pitching for Pittsburgh Pirates : RHP Nestor Rivera
Batting: RHB Luis Maese 0-0: Ball
1-0: Foul Ball, location: 2F
1-1: Ball
2-1: Foul Ball, location: 2F
2-2: Strikes out swinging
Batting: SHB Victor Cortes 0-0: Ball
1-0: Ball
2-0: Ball
3-0: Called Strike
3-1: Base on Balls
Batting: LHB Greg Bell 0-0: Ball
1-0: Ball
2-0: Called Strike
2-1: Fielders Choice at 2nd, 3-6 (Groundball, 3, EV 101.9 MPH)
Batting: RHB Matt Conover 0-0: Swinging Strike
0-1: Ball
1-1: Foul Ball, location: 2F
1-2: DOUBLE (Line Drive, 7LS, EV 111.2 MPH)
Greg Bell to third
Runner from 3rd tries for Home, SAFE, no throw by LF
Batting: LHB Sam Steede 0-0: Ball
1-0: Ball
2-0: Fly out, F4 (Popup, 4MD, EV 50.6 MPH)
Top of the 5th over - 1 run, 1 hit, 0 errors, 1 left on base; Atlanta 3 - Pittsburgh 2
BOTTOM OF THE 5TH
Pittsburgh Pirates batting - Pitching for Atlanta Braves : RHP Johnny Glover
Batting: SHB Jacob Chivers 0-0: Foul Ball, location: 2F
0-1: Ball
1-1: Ball
2-1: Foul Ball, location: 2F
2-2: Fly out, F7 (Line Drive, 7, EV 86.9 MPH)
Batting: LHB Ruben Solis 0-0: Ground out U3 (Groundball, 34, EV 105.6 MPH)
Batting: LHB Bruce Gentry 0-0: Foul Ball, location: 2F
0-1: Ball
1-1: Called Strike
1-2: Ball
2-2: Foul Ball, location: 2F
2-2: Strikes out looking
Bottom of the 5th over - 0 runs, 0 hits, 0 errors, 0 left on base; Atlanta 3 - Pittsburgh 2
TOP OF THE 6TH
Atlanta Braves batting - Pitching for Pittsburgh Pirates : RHP Nestor Rivera
Batting: RHB Sean Foley 0-0: Swinging Strike
0-1: SINGLE (Line Drive, 78S, EV 107.5 MPH)
Batting: LHB Jim Swauger 0-0: Ball
1-0: Called Strike
1-1: Called Strike
1-2: Foul Ball, location: 2F
1-2: Foul Ball, location: 2F
1-2: Foul Ball, location: 2F
1-2: 2-RUN HOME RUN (Flyball, 9D, EV 104.4 MPH), Distance : 379 ft
Pitching: LHP Brandon Theisen
Batting: RHB Jeff Marcotte 0-0: Swinging Strike
0-1: Ball
1-1: Called Strike
1-2: Strikes out swinging
Batting: LHB Edwin Castaneda 0-0: Called Strike
0-1: Fly out, F6 (Line Drive, 6, EV 66.2 MPH)
Batting: RHB Luis Maese 0-0: DOUBLE (Line Drive, 9LM, EV 95.6 MPH)
Batting: SHB Victor Cortes 0-0: Ball
1-0: Ground out 6-3 (Groundball, 6, EV 80.6 MPH)
Top of the 6th over - 2 runs, 3 hits, 0 errors, 1 left on base; Atlanta 5 - Pittsburgh 2
BOTTOM OF THE 6TH
Pittsburgh Pirates batting - Pitching for Atlanta Braves : RHP Johnny Glover
Pitching: LHP Tony Noya
Batting: RHB Jeff Gradel 0-0: Called Strike
0-1: Ball
1-1: DOUBLE (Flyball, 78XD, EV 113.8 MPH)
Batting: LHB Nick Simmons 0-0: Called Strike
0-1: Fly out, F6 (Flyball, 4MD, EV 88.8 MPH)
Batting: LHB Miguel Ontiveros 0-0: Ball
1-0: SINGLE (Groundball, 56D, EV 95.6 MPH)
Jeff Gradel to third
Runner from 3rd tries for Home, throw by LF and OUT! 7-2
Miguel Ontiveros to second
Batting: LHB Tony Nieves 0-0: Ball
1-0: Swinging Strike
1-1: SINGLE (Groundball, 56S, EV 66.2 MPH) (infield hit)
Miguel Ontiveros to third
Batting: SHB Danny Santiago 0-0: Ball
1-0: Ball
2-0: Ball
3-0: Called Strike
3-1: Called Strike
3-2: Foul Ball, location: 2F
3-2: Strikes out swinging
Bottom of the 6th over - 0 runs, 3 hits, 0 errors, 2 left on base; Atlanta 5 - Pittsburgh 2
TOP OF THE 7TH
Atlanta Braves batting - Pitching for Pittsburgh Pirates : LHP Brandon Theisen
Batting: LHB Greg Bell 0-0: Called Strike
0-1: Swinging Strike
0-2: Strikes out swinging
Batting: RHB Matt Conover 0-0: Ball
1-0: DOUBLE (Line Drive, 7LS, EV 100.6 MPH)
Batting: LHB Sam Steede 0-0: Foul Ball, location: 2F
0-1: Called Strike
Matt Conover steals 3rd base
0-2: Strikes out swinging
Batting: RHB Sean Foley 0-0: Ball
1-0: Foul Ball, location: 2F
1-1: Ball
2-1: Ball
3-1: Ground out 6-3 (Groundball, 56, EV 105.0 MPH)
Top of the 7th over - 0 runs, 1 hit, 0 errors, 1 left on base; Atlanta 5 - Pittsburgh 2
BOTTOM OF THE 7TH
Pittsburgh Pirates batting - Pitching for Atlanta Braves : LHP Tony Noya
Pitching: RHP Jose Reveles
Batting: RHB Sam Dudas 0-0: Called Strike
0-1: Swinging Strike
0-2: Strikes out swinging
Pitching: RHP Alberto Cigarroa
Batting: SHB Jacob Chivers 0-0: Called Strike
0-1: Ball
1-1: Ball
2-1: Ball
3-1: Base on Balls
Batting: LHB Ruben Solis 0-0: SINGLE (Groundball, 4MD, EV 95.6 MPH)
Jacob Chivers to second
Runner from 2nd tries for 3rd, OUT! 8-5
Ruben Solis to second
Batting: LHB Bruce Gentry 0-0: Ball
1-0: SINGLE (Line Drive, 8LS, EV 108.8 MPH)
Ruben Solis to third
Runner from 3rd tries for Home, SAFE, throw by CF to home
Batting: RHB Jeff Gradel 0-0: Ball
1-0: Reached on error, E4 (Groundball, 34, EV 85.6 MPH)
Bruce Gentry to second
Batting: LHB Nick Simmons 0-0: Called Strike
0-1: Ball
Wild Pitch!
Bruce Gentry to third
Jeff Gradel to second
1-1: Fly out, F8 (Flyball, 8LM, EV 78.8 MPH)
Bottom of the 7th over - 1 run, 2 hits, 1 error, 2 left on base; Atlanta 5 - Pittsburgh 3
TOP OF THE 8TH
Atlanta Braves batting - Pitching for Pittsburgh Pirates : LHP Brandon Theisen
Batting: LHB Jim Swauger 0-0: Ball
1-0: Swinging Strike
1-1: Swinging Strike
1-2: Ball
2-2: Ball
3-2: Base on Balls
Batting: RHB Jeff Marcotte 0-0: Ground out 6-3 (Groundball, 6S, EV 61.9 MPH)
Jim Swauger to second
Batting: LHB Edwin Castaneda 0-0: Ball
1-0: Ball
2-0: Called Strike
2-1: Fly out, F3 (Line Drive, 3, EV 65.6 MPH)
Pitching: RHP Luis Estremera
Batting: RHB Luis Maese 0-0: Called Strike
0-1: Ground out U3 (Groundball, 34, EV 87.5 MPH)
Top of the 8th over - 0 runs, 0 hits, 0 errors, 1 left on base; Atlanta 5 - Pittsburgh 3
BOTTOM OF THE 8TH
Pittsburgh Pirates batting - Pitching for Atlanta Braves : RHP Alberto Cigarroa
Pitching: RHP Ryan Bohlen
Batting: LHB Miguel Ontiveros 0-0: Called Strike
0-1: Ball
1-1: Ball
2-1: Swinging Strike
2-2: Fly out, F8 (Flyball, 8LS, EV 93.1 MPH)
Batting: LHB Tony Nieves 0-0: Called Strike
0-1: Ball
1-1: Foul Ball, location: 2F
1-2: Ball
2-2: Foul Ball, location: 2F
2-2: Strikes out swinging
Batting: SHB Danny Santiago 0-0: Ball
1-0: Foul Ball, location: 2F
1-1: Ball
2-1: Ball
3-1: Foul Ball, location: 2F
3-2: Foul Ball, location: 2F
3-2: Base on Balls
Batting: RHB Sam Dudas 0-0: Ball
1-0: Swinging Strike
1-1: Ball
2-1: Foul Ball, location: 2F
2-2: Strikes out swinging
Bottom of the 8th over - 0 runs, 0 hits, 0 errors, 1 left on base; Atlanta 5 - Pittsburgh 3
TOP OF THE 9TH
Atlanta Braves batting - Pitching for Pittsburgh Pirates : RHP Luis Estremera
Pitching: RHP Alberto Frausto
Batting: SHB Victor Cortes 0-0: Ball
1-0: Swinging Strike
1-1: Foul Ball, location: 2F
1-2: Strikes out swinging
Batting: LHB Greg Bell 0-0: Ball
1-0: Fly out, F6 (Popup, 6MS, EV 78.8 MPH)
Batting: RHB Matt Conover 0-0: Ball
1-0: Foul Ball, location: 2F
1-1: Swinging Strike
1-2: Ball
2-2: Strikes out swinging, 2-3 out at first.
Top of the 9th over - 0 runs, 0 hits, 0 errors, 0 left on base; Atlanta 5 - Pittsburgh 3
BOTTOM OF THE 9TH
Pittsburgh Pirates batting - Pitching for Atlanta Braves : RHP Ryan Bohlen
Batting: SHB Jacob Chivers 0-0: Swinging Strike
0-1: Ball
1-1: Swinging Strike
1-2: Strikes out swinging
Batting: LHB Ruben Solis 0-0: Ball
1-0: Called Strike
1-1: Foul Ball, location: 2F
1-2: Foul Ball, location: 2F
1-2: Ball
2-2: SOLO HOME RUN (Flyball, 9D, EV 104.4 MPH), Distance : 386 ft
Batting: LHB Bruce Gentry 0-0: Called Strike
0-1: Ball
1-1: Foul Ball, location: 2F
1-2: Ball
2-2: Ball
3-2: Ground out 4-3 (Groundball, 4, EV 100.0 MPH)
Batting: RHB Jeff Gradel 0-0: Called Strike
0-1: Ball
1-1: Swinging Strike
1-2: Ball
2-2: Ground out 6-3 (Groundball, 56S, EV 89.4 MPH)
Bottom of the 9th over - 1 run, 1 hit, 0 errors, 0 left on base; Atlanta 5 - Pittsburgh 4
Thursday, June 17th , 2021 - OOTP Baseball 22.6 Build 56